[Event "Titled Tuesday Blitz March 22 Early 2022"]
[White "Abarca Gonzalez, Nicolas"]
[Black "Manukian, Artak"]
[WhiteFideId "3409422"]
[BlackFideId "13301373"]
[WhiteElo "2504"]
[BlackElo "2454"]
[Result "1-0"]
[Round "01"]
[TimeControl "180+1"]
[Date "2022.03.22"]
[WhiteClock "0:00:12"]
[BlackClock "0:00:03"]

1. e4 c6 2. d4 d5 3. exd5 cxd5 4. c4 Nf6 5. Nc3 g6 6. cxd5 Bg7 7. Bc4 O-O 8. Nf3 Nbd7 9. O-O Nb6 10. Qb3 Bf5 11. Re1 Rc8 12. Bf1 Nfxd5 13. Bg5 h6 14. Bh4 g5 15. Bg3 e6 16. Ne5 Nxc3 17. bxc3 Qd5 18. Qa3 Ra8 19. Rad1 Rfc8 20. c4 Qd8 21. d5 exd5 22. cxd5 Nd7 23. Nc4 Bf8 24. Qf3 Bg6 25. Nd6 Bxd6 26. Bxd6 Qf6 27. Qg3 Re8 28. Bb5 Rxe1+ 29. Rxe1 Nf8 30. Be5 Qb6 31. Ba1 Nh7 32. Qc3 f6 33. Bc4 Bf7 34. h4 Rc8 35. hxg5 hxg5 36. Qd3 Qb4 37. Rc1 Qd6 38. Bb2 Kg7 39. Bb3 Rxc1+ 40. Bxc1 Bg6 41. Qe3 Nf8 42. Bb2 Nd7 43. Qxg5 Ne5 44. Qg3 Kf7 45. Qe3 b6 46. f3 Bf5 47. g4 Bd7 48. Kf2 Bb5 49. Qh6 Nd3+ 50. Ke3 Qe7+ 51. Kd2 Qb4+ 52. Bc3 Qf4+ 53. Qxf4 Nxf4 54. d6+ Ke8 55. Ke3 Nd5+ 56. Bxd5 Kd7 57. Bxf6 Kxd6 58. Bb3 Bd7 59. Bh4 a5 60. Bg3+ Kc5 61. g5 b5 62. Bc2 Be6 63. Bb1 Kb4 64. f4 Kc3 65. f5 Bg8 66. Be5+ 1-0


[Site "https://www.chess.com"]

[Event "Titled Tuesday Blitz March 22 Early 2022"]
[White "Akobian, Varuzhan"]
[Black "Ladan, Nicholas"]
[WhiteFideId "13300580"]
[BlackFideId "30918855"]
[WhiteElo "2634"]
[BlackElo "2167"]
[Result "1-0"]
[Round "01"]
[TimeControl "180+1"]
[Date "2022.03.22"]
[WhiteClock "0:00:22"]
[BlackClock "0:00:05"]

1. d4 d6 2. Nf3 g6 3. c4 Bg7 4. Nc3 Nf6 5. Bg5 b6 6. e3 Bb7 7. Be2 Nbd7 8. O-O h6 9. Bh4 O-O 10. Qc2 g5 11. Bg3 e6 12. h3 Nh7 13. d5 e5 14. Bd3 Nhf6 15. Bf5 a5 16. a3 Ba6 17. b3 Re8 18. Nd2 Qe7 19. Rab1 Nh5 20. Bh2 Bf8 21. Nde4 Ng7 22. Bxd7 f5 23. Bxe8 Rxe8 24. Ng3 f4 25. Nge4 Bc8 26. exf4 gxf4 27. f3 Nf5 28. Rbe1 Qg7 29. Kh1 Qg6 30. Qf2 Re7 31. Rg1 Rg7 32. g3 fxg3 33. Nxg3 Nh4 34. Nge4 Qf5 35. Rxg7+ Bxg7 36. Rg1 Kh8 37. Qg3 1-0


[Site "https://www.chess.com"]

[Event "Titled Tuesday Blitz March 22 Early 2022"]
[White "Aldokhin, Ivan"]
[Black "Cupid, Kevin"]
[WhiteFideId "24115720"]
[BlackFideId "7700512"]
[WhiteElo "2231"]
[BlackElo "2096"]
[Result "1-0"]
[Round "01"]
[TimeControl "180+1"]
[Date "2022.03.22"]
[WhiteClock "0:00:23"]
[BlackClock "0:00:02"]

1. e4 c6 2. Nc3 d5 3. Nf3 Bg4 4. Be2 e6 5. O-O Nf6 6. Ne5 Bxe2 7. Qxe2 Nbd7 8. Nxd7 Nxd7 9. exd5 cxd5 10. Nxd5 Bd6 11. d4 O-O 12. Bf4 Bxf4 13. Nxf4 Qb6 14. c3 Rfe8 15. Rfe1 h6 16. Nd3 a5 17. Qh5 a4 18. a3 Ra5 19. Qh4 Qb3 20. Re3 Rg5 21. Rae1 Ra8 22. Rg3 Qc2 23. Qe4 Rxg3 24. hxg3 Rb8 25. Ne5 Qxe4 26. Rxe4 Nf6 27. Re2 Kf8 28. f3 Ke7 29. Kf2 Nd5 30. c4 Nc7 31. Ke3 Rd8 32. Rc2 f6 33. Nd3 Rd6 34. Nb4 Kd7 35. c5 Nd5+ 36. Nxd5 Rxd5 37. Rc4 e5 38. Rxa4 1-0


[Site "https://www.chess.com"]

[Event "Titled Tuesday Blitz March 22 Early 2022"]
[White "Al-Tarboush, Ward"]
[Black "volunteers1998"]
[WhiteFideId "7601450"]
[WhiteElo "2276"]
[BlackElo "2238"]
[Result "1-0"]
[Round "01"]
[TimeControl "180+1"]
[Date "2022.03.22"]
[WhiteClock "0:00:48"]
[BlackClock "0:00:17"]

1. e4 c5 2. Nf3 Nc6 3. d4 cxd4 4. Nxd4 Nf6 5. Nc3 e5 6. Ndb5 d6 7. Nd5 Nxd5 8. exd5 Nb8 9. c4 a6 10. Nc3 Be7 11. Be2 O-O 12. O-O f5 13. f4 e4 14. Be3 Nd7 15. Qd2 Bf6 16. Rac1 Qc7 17. Rfd1 b6 18. b4 g6 19. Kh1 Bg7 20. Na4 Rb8 21. c5 bxc5 22. bxc5 dxc5 23. Nxc5 Nxc5 24. Bxc5 Rd8 25. d6 Qd7 26. Ba3 Kh8 27. Rc7 Qe8 28. Re7 Qf8 29. h3 Rd7 30. Bc4 Rb6 31. Be6 Rbxd6 32. Bxd6 Qxe7 33. Bxe7 Rxd2 34. Rxd2 Bxe6 35. Rd8+ Bg8 36. Bc5 h6 37. a4 g5 38. g3 gxf4 39. gxf4 Kh7 40. Rd7 Kg6 41. Rd6+ Kh5 42. Rxa6 Bd5 43. Kh2 Bc3 44. Bf8 1-0


[Site "https://www.chess.com"]

[Event "Titled Tuesday Blitz March 22 Early 2022"]
[White "Altman, Joshua"]
[Black "Piliczewski, Bogusz"]
[WhiteFideId "426210"]
[BlackFideId "1104144"]
[WhiteElo "1945"]
[BlackElo "1896"]
[Result "1-0"]
[Round "01"]
[TimeControl "180+1"]
[Date "2022.03.22"]
[WhiteClock "0:02:44"]
[BlackClock "0:02:05"]

1. d4 c6 2. c4 d5 3. cxd5 cxd5 4. Nf3 Nf6 5. Nc3 Nc6 6. Bf4 a6 7. Rc1 Bf5 8. e3 e6 9. Qb3 Qd7 10. Be2 Be7 11. O-O O-O 12. Na4 Bd8 13. Nc5 Qe7 14. Qxb7 Na5 15. Qxa8 1-0


[Site "https://www.chess.com"]

[Event "Titled Tuesday Blitz March 22 Early 2022"]
[White "Aravindh, Chithambaram VR."]
[Black "Peatman, Carter"]
[WhiteFideId "5072786"]
[BlackFideId "2096480"]
[WhiteElo "2561"]
[BlackElo "2481"]
[Result "1-0"]
[Round "01"]
[TimeControl "180+1"]
[Date "2022.03.22"]
[WhiteClock "0:01:16"]
[BlackClock "0:00:15"]

1. b3 d5 2. Bb2 Bf5 3. e3 Nf6 4. Nf3 e6 5. Bd3 Bg6 6. Ne5 Nbd7 7. f4 Bxd3 8. cxd3 Nxe5 9. fxe5 Nd7 10. Qg4 h6 11. O-O Qg5 12. Qf3 Qe7 13. d4 c5 14. Nc3 a6 15. Rac1 f5 16. exf6 Nxf6 17. dxc5 Qxc5 18. Na4 Qe7 19. Nb6 Rd8 20. Bxf6 gxf6 21. Qg3 Qg7 22. Qxg7 Bxg7 23. Rc7 Rg8 24. Rxb7 f5 25. Rc1 Be5 26. d4 Bd6 27. Nc8 Rd7 28. Nxd6+ Rxd6 29. Rc8+ Rd8 30. Rxd8+ Kxd8 31. Rb8+ 1-0


[Site "https://www.chess.com"]

[Event "Titled Tuesday Blitz March 22 Early 2022"]
[White "Avazkhonov, Alikhon"]
[Black "Nenezic, Marko"]
[WhiteFideId "14208504"]
[BlackFideId "912123"]
[WhiteElo "1739"]
[BlackElo "2457"]
[Result "0-1"]
[Round "01"]
[TimeControl "180+1"]
[Date "2022.03.22"]
[WhiteClock "0:00:10"]
[BlackClock "0:00:19"]

1. f4 d5 2. Nf3 g6 3. g3 Bg7 4. Bg2 Nh6 5. O-O Nf5 6. d3 d4 7. c3 c5 8. e4 dxe3 9. Na3 h5 10. Nc4 h4 11. g4 h3 12. Bh1 Nh6 13. g5 Ng4 14. Nxe3 Nc6 15. Nxg4 Bxg4 16. Be3 Qd6 17. Qa4 O-O 18. Rad1 Rfd8 19. Rd2 Rac8 20. Ne1 Bf5 21. Be4 Qe6 22. Bxc5 Bxe4 23. Qd1 Bf5 24. Nf3 Qd5 25. d4 b6 26. Ba3 e6 27. Qe2 Na5 28. Ne5 Nc4 29. Nxc4 Qxc4 30. Qe3 Qd5 31. Be7 Re8 32. Bf6 b5 33. Qg3 b4 34. Rf3 bxc3 35. bxc3 Rb8 36. Re2 Rb1+ 37. Kf2 Reb8 38. Qh4 R8b2 0-1


[Site "https://www.chess.com"]

[Event "Titled Tuesday Blitz March 22 Early 2022"]
[White "Begunov, Konstantin"]
[Black "Mikhailovsky, Vladimir"]
[WhiteFideId "4118510"]
[BlackFideId "34105414"]
[WhiteElo "2262"]
[BlackElo "2371"]
[Result "0-1"]
[Round "01"]
[TimeControl "180+1"]
[Date "2022.03.22"]
[WhiteClock "0:00:14"]
[BlackClock "0:00:24"]

1. d4 Nf6 2. c4 e6 3. Nf3 d5 4. Nc3 c5 5. cxd5 Nxd5 6. g3 Nxc3 7. bxc3 cxd4 8. cxd4 Bb4+ 9. Bd2 Bxd2+ 10. Qxd2 b6 11. Bg2 Bb7 12. O-O O-O 13. Rfd1 Nd7 14. a4 a5 15. Rab1 Rb8 16. Rb2 Nf6 17. e3 Nd5 18. Ne5 Nb4 19. Bxb7 Rxb7 20. Nd3 Nd5 21. Rc1 Qd7 22. Rcb1 Rc7 23. e4 Nc3 24. Rc1 Qxd4 25. Rbc2 Nxe4 26. Qe2 Nc3 27. Qd2 Rfc8 28. Qe3 Qxe3 29. fxe3 Ne2+ 30. Rxe2 Rxc1+ 31. Nxc1 Rxc1+ 32. Kf2 Rc4 33. Rb2 Rb4 34. Rxb4 axb4 35. Ke2 Kf8 36. Kd3 Ke7 37. Kc4 Kd6 38. Kxb4 Kc6 39. Kc4 f6 40. e4 g6 41. g4 f5 42. gxf5 gxf5 43. exf5 exf5 44. Kd4 f4 45. h4 f3 46. Ke3 Kc5 47. Kxf3 Kb4 48. Kf4 Kxa4 49. Kg5 b5 50. Kh6 b4 51. Kxh7 b3 52. h5 b2 53. h6 b1=Q+ 54. Kg7 Qg1+ 55. Kh8 Qd4+ 56. Kg8 Qg4+ 57. Kh8 Qc8+ 58. Kg7 Qd7+ 59. Kg8 Qd8+ 60. Kg7 Qg5+ 61. Kh7 Kb5 0-1


[Site "https://www.chess.com"]

[Event "Titled Tuesday Blitz March 22 Early 2022"]
[White "Bodnar, Nikolay"]
[Black "Willow, Jonah B"]
[WhiteFideId "14106469"]
[BlackFideId "438804"]
[WhiteElo "2296"]
[BlackElo "2261"]
[Result "0-1"]
[Round "01"]
[TimeControl "180+1"]
[Date "2022.03.22"]
[WhiteClock "0:00:16"]
[BlackClock "0:01:19"]

1. e4 c5 2. Nf3 Nc6 3. Bb5 g6 4. O-O Bg7 5. c3 Nf6 6. Re1 O-O 7. h3 Qb6 8. Na3 d6 9. d4 cxd4 10. cxd4 d5 11. e5 Ne4 12. Bf1 Nxe5 13. dxe5 Qxf2+ 14. Kh1 Bxh3 15. Rxe4 dxe4 16. Ng5 Bf5 17. Nc4 Rad8 18. Qe2 Qh4+ 19. Nh3 Rd3 20. Be3 Rc8 21. b3 b5 22. Na3 Bxe5 23. Re1 Qg3 24. Bg1 Rcd8 25. Nb1 e3 26. Rc1 Bxh3 27. gxh3 Rd2 28. Nxd2 Rxd2 29. Rc8+ Kg7 30. Bh2 Qxh2+ 31. Qxh2 Rxh2+ 32. Kg1 e2 33. Bxe2 Rxe2 0-1


[Site "https://www.chess.com"]

[Event "Titled Tuesday Blitz March 22 Early 2022"]
[White "Bodnaruk, Anastasia"]
[Black "Dahlgren, James Allen"]
[WhiteFideId "4181751"]
[BlackFideId "22256873"]
[WhiteElo "2393"]
[BlackElo "2106"]
[Result "1-0"]
[Round "01"]
[TimeControl "180+1"]
[Date "2022.03.22"]
[WhiteClock "0:01:08"]
[BlackClock "0:01:03"]

1. e4 e6 2. d4 c5 3. d5 Nf6 4. Nc3 d6 5. Nf3 e5 6. Be2 Be7 7. O-O O-O 8. a4 Ne8 9. Nd2 f5 10. f3 Bg5 11. Nc4 Bxc1 12. Qxc1 f4 13. a5 g5 14. Na2 b5 15. axb6 axb6 16. b4 Na6 17. Qb2 Nf6 18. bxc5 bxc5 19. Qb6 Qxb6 20. Nxb6 Ra7 21. Nc3 1-0


[Site "https://www.chess.com"]

[Event "Titled Tuesday Blitz March 22 Early 2022"]
[White "Boros, Denes"]
[Black "Mkrtchyan, Mariam"]
[WhiteFideId "722340"]
[BlackFideId "13310828"]
[WhiteElo "2464"]
[BlackElo "1984"]
[Result "1-0"]
[Round "01"]
[TimeControl "180+1"]
[Date "2022.03.22"]
[WhiteClock "0:02:24"]
[BlackClock "0:02:10"]

1. e4 c6 2. c4 d5 3. cxd5 cxd5 4. exd5 Nf6 5. Nf3 g6 6. Bb5+ Nbd7 7. Nc3 Bg7 8. d4 O-O 9. O-O Nb6 10. Ne5 Nbxd5 11. Re1 a6 12. Bc4 e6 13. Bg5 Nxc3 14. bxc3 b5 15. Qf3 Bd7 16. Bb3 Ra7 17. Ng4 1-0


[Site "https://www.chess.com"]

[Event "Titled Tuesday Blitz March 22 Early 2022"]
[White "Bortnyk, Olexandr"]
[Black "Bethke, Richard"]
[WhiteFideId "14120828"]
[BlackFideId "12959243"]
[WhiteElo "2723"]
[BlackElo "2526"]
[Result "1-0"]
[Round "01"]
[TimeControl "180+1"]
[Date "2022.03.22"]
[WhiteClock "0:00:16"]
[BlackClock "0:00:08"]

1. d4 Nf6 2. Nc3 d5 3. Bf4 a6 4. e3 e6 5. Nf3 c5 6. a3 Nc6 7. h3 b5 8. dxc5 Bxc5 9. Bd3 O-O 10. O-O Re8 11. e4 d4 12. e5 dxc3 13. exf6 cxb2 14. Rb1 Qxf6 15. Bg5 Qc3 16. Bd2 Qf6 17. Bg5 Qc3 18. Bd2 Qf6 19. Ng5 h6 20. Ne4 Qe7 21. Bxh6 gxh6 22. Qg4+ Kf8 23. Qh5 Bd4 24. Qxh6+ Bg7 25. Qh5 Ne5 26. f4 Nxd3 27. cxd3 Rd8 28. Rf3 Bb7 29. Qh7 Bxe4 30. dxe4 Qc5+ 31. Kh2 Qc2 32. Rg3 Qxb1 33. Rxg7 Rd7 34. Qg8+ Ke7 35. Qxf7+ Kd6 36. Qxd7+ Kc5 37. Qc7+ Kd4 38. Rd7+ Ke3 39. Qc3+ Kxe4 40. Qe5# 1-0


[Site "https://www.chess.com"]

[Event "Titled Tuesday Blitz March 22 Early 2022"]
[White "Brodowski, Piotr"]
[Black "Petrova, Irina"]
[WhiteFideId "1124480"]
[BlackFideId "14124122"]
[WhiteElo "2422"]
[BlackElo "1993"]
[Result "1-0"]
[Round "01"]
[TimeControl "180+1"]
[Date "2022.03.22"]
[WhiteClock "0:00:56"]
[BlackClock "0:00:14"]

1. c4 e5 2. Nc3 Nf6 3. Nf3 Nc6 4. e4 Bb4 5. d3 Bxc3+ 6. bxc3 d6 7. h3 h6 8. Be2 Ne7 9. O-O Ng6 10. Be3 O-O 11. Qd2 Nh7 12. c5 d5 13. exd5 Qxd5 14. d4 e4 15. c4 Qf5 16. Nh2 Ng5 17. Rab1 Nh4 18. Bg4 Qg6 19. Bxg5 hxg5 20. Bxc8 Raxc8 21. Rxb7 f5 22. g3 Nf3+ 23. Nxf3 exf3 24. Qd3 Qc6 25. Rb3 g4 26. Re1 f4 27. Qe4 Qxe4 28. Rxe4 fxg3 29. Rxg4 gxf2+ 30. Kxf2 Rce8 31. Rxf3 Rxf3+ 32. Kxf3 Re1 33. Rg2 Kf7 34. Rb2 Rc1 35. Ke4 Rxc4 36. Rb7 Ra4 37. Rxc7+ Ke6 38. Rxg7 Rxa2 39. d5+ Kf6 40. Rb7 Ra4+ 41. Kd3 Ke5 42. d6 Ke6 43. Re7+ Kf6 44. Rh7 Ra1 45. Kc4 a5 46. Kb5 Ke6 47. Kc6 Rd1 48. Re7+ Kf6 49. Ra7 Ke6 50. Rxa5 Rb1 51. Ra8 1-0


[Site "https://www.chess.com"]

[Event "Titled Tuesday Blitz March 22 Early 2022"]
[White "Brunner, Nicolas"]
[Black "Molina, Roberto Junio Brito"]
[WhiteFideId "620246"]
[BlackFideId "2109450"]
[WhiteElo "2372"]
[BlackElo "2432"]
[Result "1-0"]
[Round "01"]
[TimeControl "180+1"]
[Date "2022.03.22"]
[WhiteClock "0:01:35"]
[BlackClock "0:01:34"]

1. d4 d5 2. c4 c6 3. Nf3 Nf6 4. e3 Bf5 5. Nc3 e6 6. Nh4 Bg4 7. Qb3 Qc7 8. h3 Bh5 9. g4 Bg6 10. Nxg6 hxg6 11. Bg2 Nbd7 12. g5 Ng8 13. Bd2 Bd6 14. O-O-O Qb6 15. e4 dxc4 16. Qxc4 e5 17. Be3 Qc7 18. Kb1 Ne7 19. h4 Nb6 20. Qb3 exd4 21. Bxd4 Be5 22. Bc5 Rd8 23. Rxd8+ Kxd8 24. Qxf7 Bxc3 25. bxc3 Qe5 26. Rd1+ Nd7 27. Bh3 Qxe4+ 28. Ka1 Qc2 1-0


[Site "https://www.chess.com"]

[Event "Titled Tuesday Blitz March 22 Early 2022"]
[White "Bryakin, Mikhail"]
[Black "Toncheva, Nadya"]
[WhiteFideId "4165314"]
[BlackFideId "2924056"]
[WhiteElo "2417"]
[BlackElo "1884"]
[Result "1-0"]
[Round "01"]
[TimeControl "180+1"]
[Date "2022.03.22"]
[WhiteClock "0:01:14"]
[BlackClock "0:00:03"]

1. e4 c5 2. Nf3 d6 3. Bb5+ Nc6 4. O-O Bd7 5. a4 Nf6 6. d3 g6 7. b3 Bg7 8. Bb2 O-O 9. Nbd2 a6 10. Bxc6 Bxc6 11. a5 Bb5 12. e5 Nd7 13. Re1 e6 14. Qc1 dxe5 15. Nxe5 Rc8 16. Ndc4 Nxe5 17. Bxe5 Bxc4 18. Bxg7 Kxg7 19. Qb2+ Qf6 20. Qxf6+ Kxf6 21. bxc4 Rfd8 22. Rab1 Rd7 23. Rb6 Rcc7 24. f4 h5 25. Kf2 Kf5 26. Kf3 Kf6 27. g3 Rd4 28. Reb1 Rdd7 29. h3 Ke7 30. g4 hxg4+ 31. hxg4 Kf6 32. Rh1 Kg7 33. g5 Kg8 34. Ke3 Kg7 35. Rh3 Kg8 36. Rb1 Kf8 37. Rh8+ Ke7 38. Rb8 Kd6 39. Ke4 Ke7 40. c3 Kd6 41. Rb6+ Ke7 42. Ke3 f6 43. Ke4 fxg5 44. fxg5 Kf7 45. Rh8 Kg7 46. Ra8 Kf7 47. Rb2 Re7 48. Rh2 Kg7 49. Rah8 Kf7 50. R2h7# 1-0


[Site "https://www.chess.com"]

[Event "Titled Tuesday Blitz March 22 Early 2022"]
[White "Budrewicz, Krzysztof"]
[Black "Chigaev, Maksim"]
[WhiteFideId "1127950"]
[BlackFideId "4108116"]
[WhiteElo "2248"]
[BlackElo "2502"]
[Result "1-0"]
[Round "01"]
[TimeControl "180+1"]
[Date "2022.03.22"]
[WhiteClock "0:00:07"]
[BlackClock "0:00:07"]

1. d4 Nf6 2. c4 g6 3. Nc3 d5 4. Nf3 Bg7 5. Bf4 O-O 6. e3 c5 7. dxc5 Qa5 8. cxd5 Ne4 9. Rc1 Nxc3 10. Qd2 Nd7 11. bxc3 Nxc5 12. c4 Qa3 13. Nd4 Bd7 14. Be2 Rac8 15. O-O Rfd8 16. Rfd1 h5 17. h3 Ba4 18. Re1 e5 19. dxe6 Nxe6 20. Bg3 Nxd4 21. exd4 Bxd4 22. Qf4 Bg7 23. Bf3 Bc6 24. Bxc6 Rxc6 25. Rc2 Qd3 26. Rce2 Qxc4 27. Re8+ Rxe8 28. Rxe8+ Kh7 29. Qxc4 Rxc4 30. Re7 h4 31. Bb8 Bd4 32. Rxf7+ Kg8 33. Rxb7 Rc1+ 34. Kh2 Bxf2 35. g4 Rc2 36. a3 Ra2 37. Kh1 Rxa3 38. Kg2 Bd4 39. Bf4 a5 40. Rd7 Bc5 41. Rc7 Be3 42. Bxe3 Rxe3 43. Ra7 Rg3+ 44. Kh2 Ra3 45. g5 a4 46. Kg2 Kf8 47. Kh2 Kg8 48. Kg2 Rg3+ 49. Kh2 a3 50. Ra4 Rb3 51. Rxh4 Rb2+ 52. Kg3 Rb3+ 53. Kh2 a2 54. Ra4 Rb2+ 55. Kg3 Kf7 56. h4 Ke6 57. Ra5 Kd6 58. h5 gxh5 59. g6 Ke6 60. Kh4 Kf6 61. Ra6+ Kf5 62. g7 Rh2+ 63. Kg3 Rh1 64. Kg2 Rh4 65. g8=Q Rg4+ 66. Qxg4+ Kxg4 1-0


[Site "https://www.chess.com"]

[Event "Titled Tuesday Blitz March 22 Early 2022"]
[White "Chen, Qi b"]
[Black "Lakshmi C"]
[WhiteFideId "8614733"]
[BlackFideId "25035347"]
[WhiteElo "2432"]
[BlackElo "1775"]
[Result "1-0"]
[Round "01"]
[TimeControl "180+1"]
[Date "2022.03.22"]
[WhiteClock "0:00:10"]
[BlackClock "0:00:36"]

1. e4 c5 2. Nf3 d6 3. d4 cxd4 4. Nxd4 Nf6 5. Nc3 g6 6. g3 Bg7 7. Bg2 O-O 8. O-O Nc6 9. Nde2 Bd7 10. h3 Rc8 11. Be3 b6 12. Rc1 Ne5 13. b3 b5 14. Bxa7 b4 15. Nd5 Nxd5 16. exd5 Qa5 17. Bd4 Qxa2 18. f4 Nc4 19. bxc4 Rxc4 20. Bxg7 Kxg7 21. Ra1 Qxc2 22. Qxc2 Rxc2 23. Nd4 Rd2 24. Nc6 b3 25. Rab1 b2 26. Rf2 Rd3 27. Rbxb2 Rxg3 28. Nxe7 Bxh3 29. Kh2 Rxg2+ 30. Rxg2 Bxg2 31. Kxg2 Kf6 32. Nc6 Kf5 33. Kf3 Ra8 34. Nd4+ Kf6 35. Rb6 Ra3+ 36. Ke4 Ke7 37. f5 gxf5+ 38. Nxf5+ Kd7 39. Rxd6+ Kc7 40. Rf6 Ra1 41. Rxf7+ Kd8 42. Ke5 h5 43. Ke6 Re1+ 44. Kd6 Kc8 45. Rh7 Re7 46. Nxe7+ 1-0


[Site "https://www.chess.com"]

[Event "Titled Tuesday Blitz March 22 Early 2022"]
[White "Chincholimath, Halsagar"]
[Black "Jeet, Jain"]
[WhiteFideId "5022487"]
[BlackFideId "5073022"]
[WhiteElo "1737"]
[BlackElo "2085"]
[Result "0-1"]
[Round "01"]
[TimeControl "180+1"]
[Date "2022.03.22"]
[WhiteClock "0:00:17"]
[BlackClock "0:00:48"]

1. e4 e5 2. Nf3 Nc6 3. Nc3 Nf6 4. d4 exd4 5. Nxd4 Bb4 6. Nxc6 bxc6 7. Bd3 d5 8. Bd2 O-O 9. O-O Rb8 10. a3 Bd6 11. Bg5 h6 12. Bh4 Rxb2 13. f4 Be7 14. e5 Ne8 15. Bf2 f5 16. Qh5 Rb8 17. Ne2 c5 18. Ng3 Qd7 19. Rfe1 Qe6 20. c3 Qf7 21. Qf3 Be6 22. Rab1 Rb6 23. a4 a5 24. Rb5 Rxb5 25. axb5 g5 26. fxg5 hxg5 27. Qh5 Ng7 28. Qxf7+ Rxf7 29. Ra1 f4 30. Nf1 Bf5 31. Bxf5 Rxf5 32. Rxa5 Rxe5 33. Ra7 Bd6 34. Ra8+ Kf7 35. Ra7 Kg6 36. h3 Nf5 37. Nh2 Re2 38. Nf3 Rb2 39. Ra5 Ne3 40. Kh2 Rxf2 0-1


[Site "https://www.chess.com"]

[Event "Titled Tuesday Blitz March 22 Early 2022"]
[White "Chyngyz, Sultai"]
[Black "Maly, Alexey"]
[WhiteFideId "13803158"]
[BlackFideId "14103184"]
[WhiteElo "1365"]
[BlackElo "2304"]
[Result "1-0"]
[Round "01"]
[TimeControl "180+1"]
[Date "2022.03.22"]
[WhiteClock "0:00:27"]
[BlackClock "0:00:09"]

1. e4 c6 2. d4 d5 3. exd5 cxd5 4. Bd3 Nc6 5. c3 Qc7 6. Nf3 Bg4 7. O-O Nf6 8. h3 Bh5 9. Bg5 e6 10. Nbd2 Be7 11. Qc2 Bg6 12. Bxg6 hxg6 13. Rac1 O-O 14. Bh4 Rab8 15. c4 dxc4 16. Nxc4 Nd5 17. Bg3 Nf4 18. Qd2 g5 19. h4 f6 20. hxg5 fxg5 21. Nce5 Qd6 22. Nc4 Qd7 23. Qe3 Rbd8 24. Rfd1 Nb4 25. Nfe5 Qe8 26. Bxf4 gxf4 27. Qh3 Bf6 28. a3 Nd5 29. Re1 Bxe5 30. Rxe5 Rf6 31. Rce1 Nc7 32. Rh5 Rh6 33. Rxh6 gxh6 34. Qg4+ Kh7 35. Qxf4 Nd5 36. Qe4+ Kg7 37. Ne5 Qh5 38. Ng4 Re8 39. Ne5 Rf8 40. Nd7 Rf4 41. Qxe6 Rxd4 42. Qd6 Rf4 43. Nc5 Rf6 44. Qd7+ Rf7 45. Ne6+ Kg6 46. Qe8 Qf5 47. f3 Kf6 48. Qh8+ Kg6 49. Qg8+ Kf6 50. Qd8+ Kg6 51. Nd4 Qg5 52. Re6+ Kh7 53. Qxg5 hxg5 54. Re5 Nf4 55. Rxg5 Nd3 56. Ne6 Nxb2 57. Rb5 Nc4 58. Ng5+ Kg6 59. Nxf7 Kxf7 60. Rxb7+ Kf6 61. Rxa7 Kf5 62. Ra4 Nd2 63. Rd4 Nb3 64. Rd3 Nc1 65. Rd1 Nb3 66. a4 Kf4 67. a5 Nxa5 68. Kf2 Nb3 69. g3+ Kf5 70. g4+ Kf4 71. Rd3 Nc5 72. Rd5 Nd3+ 73. Rxd3 Kg5 74. Kg3 Kg6 75. Rd6+ Kg7 76. f4 Kf7 77. g5 Ke7 78. Rf6 Ke8 79. Rf5 Ke7 80. Kg4 Ke8 81. g6 Ke7 82. g7 Ke8 83. g8=Q+ Ke7 84. Qf7+ Kd6 85. Rd5+ Kc6 86. Qd7+ Kb6 87. Rb5+ Ka6 88. Qb7# 1-0


[Site "https://www.chess.com"]

[Event "Titled Tuesday Blitz March 22 Early 2022"]
[White "Cramling Bellon, Anna"]
[Black "Ianov, Viktor"]
[WhiteFideId "32009232"]
[BlackFideId "14102730"]
[WhiteElo "1905"]
[BlackElo "2161"]
[Result "0-1"]
[Round "01"]
[TimeControl "180+1"]
[Date "2022.03.22"]
[WhiteClock "0:00:25"]
[BlackClock "0:02:00"]

1. d4 d6 2. c4 g6 3. Nc3 Bg7 4. e4 e5 5. d5 Nd7 6. f4 exf4 7. Bxf4 Ngf6 8. Nf3 Ng4 9. Be2 O-O 10. O-O Nge5 11. Nd4 a5 12. a3 c6 13. Nf3 Re8 14. dxc6 bxc6 15. Qxd6 Qb6+ 16. Kh1 Qxb2 17. Nxe5 Nxe5 18. Bxe5 Bxe5 19. Qxc6 Be6 20. Nd5 Qxe2 21. Ne7+ Kg7 22. Qc5 Bxa1 0-1


[Site "https://www.chess.com"]

[Event "Titled Tuesday Blitz March 22 Early 2022"]
[White "Danilenko, Dmitriy"]
[Black "Grieve, Harry"]
[WhiteFideId "14120844"]
[BlackFideId "426520"]
[WhiteElo "2606"]
[BlackElo "2294"]
[Result "1-0"]
[Round "01"]
[TimeControl "180+1"]
[Date "2022.03.22"]
[WhiteClock "0:01:30"]
[BlackClock "0:00:02"]

1. e4 c5 2. Nf3 e6 3. c3 Nf6 4. e5 Nd5 5. d4 cxd4 6. cxd4 d6 7. Bc4 Be7 8. O-O O-O 9. Nbd2 b6 10. Ne4 dxe5 11. dxe5 Bb7 12. Qe2 Nd7 13. Rd1 Rc8 14. Bg5 Bxg5 15. Nexg5 Nxe5 16. Bxd5 Bxd5 17. Qxe5 f6 18. Rxd5 fxe5 19. Rxd8 Rfxd8 20. Kf1 Rc2 21. Rb1 Rdc8 22. Ne1 Rc1 23. Rxc1 Rxc1 24. Ke2 h6 25. Ne4 Kf7 26. Kd2 Ra1 27. a3 Ke7 28. Nc3 Kd6 29. Nd1 Kc5 30. Kc2 Kc4 31. Nd3 e4 32. Nc1 Kd4 33. Nb3+ 1-0


[Site "https://www.chess.com"]

[Event "Titled Tuesday Blitz March 22 Early 2022"]
[White "Deac, Bogdan-Daniel"]
[Black "Ozates, Tuna"]
[WhiteFideId "1226380"]
[BlackFideId "6354521"]
[WhiteElo "2646"]
[BlackElo "1887"]
[Result "1-0"]
[Round "01"]
[TimeControl "180+1"]
[Date "2022.03.22"]
[WhiteClock "0:01:25"]
[BlackClock "0:00:04"]

1. b3 c5 2. Bb2 Nc6 3. e3 d5 4. Bb5 a6 5. Bxc6+ bxc6 6. c4 d4 7. Nf3 Bg4 8. h3 Bxf3 9. Qxf3 Rc8 10. d3 e5 11. O-O Bd6 12. Re1 Ne7 13. Nd2 f5 14. exd4 cxd4 15. c5 Bxc5 16. Rxe5 Bd6 17. Re6 Bc5 18. Qxf5 Qd5 19. Re5 Rf8 20. Qxc8+ 1-0


[Site "https://www.chess.com"]

[Event "Titled Tuesday Blitz March 22 Early 2022"]
[White "Dilanyan, Grigor"]
[Black "Shuvalova, Polina"]
[WhiteFideId "13303570"]
[BlackFideId "24171760"]
[WhiteElo "2279"]
[BlackElo "2355"]
[Result "0-1"]
[Round "01"]
[TimeControl "180+1"]
[Date "2022.03.22"]
[WhiteClock "0:00:01"]
[BlackClock "0:00:05"]

1. e4 c5 2. Nf3 d6 3. d4 cxd4 4. Nxd4 Nf6 5. Nc3 Nc6 6. Bg5 Bd7 7. f4 Rc8 8. Nf3 Qb6 9. Qd2 Qxb2 10. Rb1 Qa3 11. Rxb7 Nb4 12. Bxf6 gxf6 13. Bb5 Bxb5 14. Nxb5 Nxc2+ 15. Qxc2 Qe3+ 16. Kd1 Rxc2 17. Rb8+ Kd7 18. Kxc2 Qxe4+ 19. Kb3 Qd5+ 20. Kb4 a6 21. Nc3 Qc5+ 22. Kb3 f5 23. Rc1 Bg7 24. Rb7+ Kc6 25. Rb4 a5 26. Rb5 Qe3 27. a4 Rc8 28. Rc2 Kd7 29. Rb7+ Kd8 30. Ne5 dxe5 0-1


[Site "https://www.chess.com"]

[Event "Titled Tuesday Blitz March 22 Early 2022"]
[White "Dinu, Dumitru-Daniel"]
[Black "Yeletsky, Ivan"]
[WhiteFideId "1208403"]
[BlackFideId "24180327"]
[WhiteElo "2240"]
[BlackElo "2303"]
[Result "0-1"]
[Round "01"]
[TimeControl "180+1"]
[Date "2022.03.22"]
[WhiteClock "0:00:14"]
[BlackClock "0:00:08"]

1. e4 e5 2. Nf3 Nc6 3. Nc3 Nf6 4. d4 exd4 5. Nxd4 Bb4 6. Nxc6 bxc6 7. Bd3 d5 8. exd5 O-O 9. O-O cxd5 10. Bg5 c6 11. h3 h6 12. Bh4 Rb8 13. Qf3 Bd6 14. b3 Be5 15. Bg3 Re8 16. Rae1 Bxg3 17. Qxg3 Rb7 18. Na4 Rbe7 19. Rxe7 Qxe7 20. Qf3 g6 21. c4 Qe5 22. cxd5 cxd5 23. Rd1 Kg7 24. Nc5 Qd4 25. Na4 Qe5 26. Bb5 Re7 27. Bd3 d4 28. Qg3 Qa5 29. Qd6 Re1+ 30. Rxe1 Qxe1+ 31. Kh2 Qxf2 32. Nc5 g5 33. Qd8 g4 34. Qxc8 g3+ 35. Kh1 Qe1+ 36. Bf1 Qxf1# 0-1


[Site "https://www.chess.com"]